 Dungeon Crawl Stone Soup version 0.30-a0-141-g30f27751c5 (webtiles) character file.

Game seed: 6990143425667514229

116 Belterius the Shield-Bearer (level 4, -4/41 HPs)
             Began as a Minotaur Fighter on Sept 25, 2022.
             Killed by nerve-wracking pain
             ... invoked by an orc priest
              (11 damage)
             ... on level 3 of the Dungeon.
             The game lasted 00:02:13 (1590 turns).

Belterius the Shield-Bearer (Minotaur Fighter)      Turns: 1590, Time: 00:02:13

Health: -4/41      AC:  7    Str: 28    XL:     4   Next: 69%
Magic:  3/3        EV:  9    Int:  5    God:
Gold:   164        SH:  4    Dex: 10    Spells: 3/3 levels left

rFire   . . .      SeeInvis .    a - +0 war axe
rCold   . . .      Faith    .    c - +0 buckler
rNeg    . . .      Spirit   .    b - +0 scale mail
rPois   +          Reflect  .    (helmet restricted)
rElec   .          Harm     .    (no cloak)
rCorr   .          Rampage  .    (no gloves)
Will    .....                    (no boots)
Stlth   ..........               (no amulet)
HPRegen 0.13/turn                f - ring of poison resistance
MPRegen 0.08/turn                i - +6 ring of strength

@: very slow
A: horns 2, retaliatory headbutt
a: no special abilities


You were on level 3 of the Dungeon.
You visited 1 branch of the dungeon, and saw 3 of its levels.

You collected 164 gold pieces.

Inventory:

Hand Weapons
 a - a +0 war axe (weapon)
Armour
 b - a +0 scale mail (worn)
 c - a +0 buckler (worn)
Jewellery
 f - a ring of poison resistance (left hand)
 i - a +6 ring of strength (right hand)
 k - a +4 ring of evasion
 t - a ring of poison resistance
Scrolls
 e - 2 scrolls of teleportation {unknown}
 m - a scroll of vulnerability {unknown}
 n - a scroll of butterflies {unknown}
 p - a scroll of fear {unknown}
 r - a scroll of identify {unknown}
Potions
 d - a potion of might
 g - a potion of mutation {unknown}
 h - a potion of attraction {unknown}
 j - 2 potions of resistance {unknown}
 l - a potion of heal wounds {unknown}
 o - a potion of degeneration {unknown}
 q - a potion of lignification {unknown}
 s - a potion of brilliance {unknown}


   Skills:
 + Level 4.4 Fighting
 * Level 4.1 Axes
 + Level 4.4 Armour
 + Level 4.4 Shields


You had 3 spell levels left.
You didn't know any spells.
Your spell library contained the following spells:

 Spells                   Type           Power      Damage    Failure   Level
 Slow                     Hex            0%         N/A       82%         1
 Confusing Touch          Hex            0%         N/A       99%         3
 Dazzling Flash           Conj/Hex       0%         N/A       99%         3
 Mephitic Cloud           Conj/Pois/Air  0%         N/A       99%         3
 Ozocubu's Armour         Ice            0%         N/A       99%         3
 Vampiric Draining        Necr           0%         2d6       99%         3
 Iskenderun's Mystic Bla  Conj/Tloc      0%         2d3       100%        4
 Arcjolt                  Conj/Air       0%         1d10      100%        5
 Starburst                Conj/Fire      0%         6d3       100%        6
 Malign Gateway           Summ/Tloc      0%         N/A       100%        7
 Ozocubu's Refrigeration  Ice            0%         4d7       100%        7
 Summon Horrible Things   Summ           0%         N/A       100%        8


Dungeon Overview and Level Annotations

Branches:
Dungeon (3/15)

Altars:


Innate Abilities, Weirdness & Mutations

You have a pair of horns on your head.
You reflexively headbutt those who attack you in melee.


Message History

There is an open door here.
You enter the shallow water.
Moving in this stuff is going to be slow.
The orc priest looks satisfied for a moment.
You closely miss the orc priest.
The orc priest splashes around in the water.
You slash the orc priest!
The orc priest is heavily wounded.
The orc priest calls down the wrath of Beogh upon you.
Beogh smites you!
You are too injured to fight recklessly!
You are too injured to fight recklessly!
You are too injured to fight recklessly!
You slash the orc priest!
You kill the orc priest!
You hear a splash.
Your Axes skill increases to level 4!
You barely miss the orc.
The orc splashes around in the water.
You barely miss the orc. The orc closely misses you. You furiously retaliate!
You headbutt the orc!
You kill the orc!
You hear a splash.
The orc priest hits you but does no damage. x2
Items here: )) ††.
You closely miss the orc priest.
The orc priest splashes around in the water.
Your unstable footing causes you to fumble your attack.
The orc priest hits you but does no damage.
The orc priest looks braver for a moment.
You completely miss the orc priest. Your headbutt misses the orc priest.
The orc priest invokes the aid of Beogh against you.
Beogh smites you!
* * * LOW HITPOINT WARNING * * *
You closely miss the orc priest.
The orc priest hits you with a +0 dagger.
* * * LOW HITPOINT WARNING * * *
Your unstable footing causes you to fumble your attack.
The orc priest mumbles some strange prayers to Beogh against you.
Pain shoots through your body!
You die...

#..#.#........[....#
#..
...#o######.######.#
####(#......#.# #.##
#.# #... #... #..#
#..#####.## #.####.#
#..# ####....#....#
..†)..>#
#..##~P♣##'###.####
###.##<# #..oo♣
#♣~~# #.### #
#.##.##
##.#o♣#♣†♣♣~##...# #
#.....# ###♣@♣~♣#
P####.# ####..#
#♣#♣~~~♣#♣#....# #
#..# #~
#♣~♣~♣##.#### # #..#
#~♣♣~♣#♣~#..# # #..#
♣~~♣# ♣P'..# #
##..##
###'##♣~~##.## ..#
#....####....####
#.# ..#
#...........## ###
..# #...#########


You could see an orc priest and 2 orcs.

Vanquished Creatures
  An orc priest (D:3)
  2 adders (D:3)
  A worm (D:2)
  2 dart slugs
  An orc (D:3)
  4 bats (D:1)
  7 endoplasms
  4 giant cockroaches
  6 goblins
  3 hobgoblins (D:1)
  3 jackals (D:2)
  2 quokkas
  7 ball pythons
  4 frilled lizards (D:1)
  6 kobolds
  A rat (D:1)
54 creatures vanquished.

Notes
Turn   | Place    | Note
-------+----------+-------------------------------------------
     0 | D:1      | Belterius the Minotaur Fighter began the quest for the Orb.
     0 | D:1      | Reached XP level 1. HP: 19/19 MP: 0/0
   178 | D:1      | Reached XP level 2. HP: 27/27 MP: 1/1
   468 | D:1      | Reached XP level 3. HP: 25/33 MP: 2/2
   998 | D:2      | Got the Folio of Gusts
  1491 | D:3      | Reached XP level 4. HP: 39/40 MP: 3/3
  1590 | D:3      | Killed from afar by an orc priest

Illustrated notes

Levels and vault maps discovered:
D:1:      psy_arrival_statuary, layout_basic, serial_glass, glass_columns_a,
          glass_columns_b
D:2:      layout_rooms
D:3:      layout_basic, serial_shops, shop, saegor_snake_ambush, uniq_jessica

Skill      XL: |  1  2  3  4 |
---------------+-------------+-----
Armour         | 4 |  4.4
Shields        | 4 |  4.4
Axes           | 3 4 |  4.1
Fighting       | 4 |  4.4

Action                   |  1- 3 |  4- 6 || total
-------------------------+-------+-------++-------
Melee: War axe           |    96 |    13 ||   109
       Headbutt          |    10 |     1 ||    11
Armor: Scale mail        |    41 |     3 ||    44
Dodge: Dodged            |    43 |     4 ||    47
Block: Buckler           |    26 |     1 ||    27

Table legend: (Time is in decaauts)
 A = Elapsed time spent in this place.
 B = Non-inter-level travel time spent in this place.
 C = Inter-level travel time spent in this place.
 D = Time resting spent in this place.
 E = Time spent auto-exploring this place.
 F = Levels seen in this place.
 G = Mean time per level.
                   A        B        C        D        E       F      G
               +--------+--------+--------+--------+--------+-----+--------+
         Total |   1641 |   1623 |     18 |      0 |   1305 |   3 |  547.0 |
       Dungeon |   1641 |   1623 |     18 |      0 |   1305 |   3 |  547.0 |
               +--------+--------+--------+--------+--------+-----+--------+

Top non-repeatable levels by time:
     D:1: 802 daAuts
     D:2: 678 daAuts
     D:3: 161 daAuts
